 Dungeon Crawl Stone Soup version 0.23.1 (webtiles) character file.

Game seed: 8870886536861146523

61 redwoodhats the Ruffian (level 3, -2/28 HPs)
             Began as a Draconian Transmuter on Mar 10, 2019.
             Slain by a hobgoblin
             ... wielding a +0 club
              (7 damage)
             ... on level 2 of the Dungeon.
             The game lasted 00:07:43 (1685 turns).

redwoodhats the Ruffian (Draconian Transmuter)      Turns: 1685, Time: 00:07:44

Health: -2/28      AC:  5    Str: 12    XL:     3   Next: 83%
Magic:  4/6        EV: 12    Int: 14    God:
Gold:   119        SH:  0    Dex: 11    Spells: 0/6 levels left

rFire    . . .     SeeInvis .     - Unarmed
rCold    + . .     Gourm    .   (no shield)
rNeg     . . .     Faith    .   (armour unavailable)
rPois    .         Spirit   .   (helmet restricted)
rElec    .         Reflect  .   (no cloak)
rCorr    .         Harm     .   (no gloves)
MR       .....                  (no boots)
Stlth    +.........             (no amulet)
HPRegen  0.09/turn              f - ring of protection from fire
MPRegen  0.10/turn              g - ring of ice

@: no status effects
A: unfitting armour, cold-blooded, AC +5
a: no special abilities


You were on level 2 of the Dungeon.
You were not hungry.

You visited 1 branch of the dungeon, and saw 2 of its levels.

You collected 119 gold pieces.

Inventory:

Hand Weapons
 h - a +0 hunting sling of flaming
Missiles
 a - 11 arrows
 k - 26 sling bullets
Jewellery
 f - a ring of protection from fire (left hand)
 g - a ring of ice (right hand)
Scrolls
 b - a scroll of identify {unknown}
Potions
 d - a potion of curing
 i - a potion of cancellation
Comestibles
 c - 5 rations


   Skills:
 + Level 1.2 Fighting
 + Level 0.3 Slings
 + Level 2.3 Dodging
 + Level 0.3 Stealth
 + Level 4.0 Unarmed Combat
 + Level 2.2 Spellcasting
 + Level 2.2 Transmutations
 + Level 0.1 Poison Magic


You couldn't memorise any spells.
You knew the following spells:

 Your Spells              Type           Power        Failure   Level  Hunger
a - Beastly Appendage     Tmut           #.....       10%         1    #......
b - Spider Form           Tmut/Pois      #.........   41%         3    ###....
c - Sticks to Snakes      Tmut           #.......     14%         2    ###....

Your spell library contained the following spells:

 Spells                   Type           Power        Failure   Level  Hunger
 Ice Form                 Ice/Tmut       #.......     82%         4    #####..
 Blade Hands              Tmut           #.........   95%         5    ######.


Dungeon Overview and Level Annotations

Branches:
Dungeon (2/15)

Altars:


Innate Abilities, Weirdness & Mutations

Your plain brown scales are hard. (AC +5)
You cannot fit into any form of body armour.
You are cold-blooded and may be slowed by cold attacks.


Message History

Okay, then.
You barely miss the kobold. The kobold misses you.
You barely miss the kobold. The kobold completely misses you.
The kobold hits you.
* * * LOW HITPOINT WARNING * * *
You hit the kobold.
You kill the kobold!
The kobold hits you.
* * * LOW HITPOINT WARNING * * *
You hit the kobold.
The kobold is poisoned.
The kobold is severely wounded.
The kobold completely misses you. The hobgoblin closely misses you.
You hit the hobgoblin.
The hobgoblin is moderately wounded.
Your transformation has ended.
The kobold hits you but does no damage.
You barely miss the kobold. You tail-slap the kobold.
You kill the kobold!
The hobgoblin hits you with a +0 club!
You die...

......# #.. #..#
#....# #.. ..#.#
#...####### #.. #.#K#
.#....#...# ##.
#.#(#.##....#...#####.
#$?(# #....'.......'.
#.#.##....#########.
#g#.#...## ## #@#(...#
##(....# #.......#(..#
#########.(.# #####


You could see a hobgoblin.

Vanquished Creatures
  An adder (D:2)
  An ooze (D:1)
  A worm (D:2)
  2 dart slugs (D:1)
  A leopard gecko (D:2)
  6 bats
  2 giant cockroaches (D:1)
  6 goblins (D:1)
  3 hobgoblins
  10 kobolds
  A ball python (D:2)
  A frilled lizard (D:1)
  4 rats
39 creatures vanquished.

Notes
Turn   | Place    | Note
-------+----------+-------------------------------------------
     0 | D:1      | redwoodhats the Draconian Transmuter began the quest for
                  | the Orb.
     0 | D:1      | Reached XP level 1. HP: 16/16 MP: 3/3
    83 | D:1      | Reached XP level 2. HP: 11/23 MP: 3/5
   832 | D:1      | Reached XP level 3. HP: 27/28 MP: 6/6
  1231 | D:2      | Learned a level 3 spell: Spider Form
  1234 | D:2      | Learned a level 2 spell: Sticks to Snakes
  1609 | D:2      | Reached skill level 4 in Unarmed Combat
  1685 | D:2      | Slain by a hobgoblin

Skill      XL: |  1  2  3 |
---------------+----------+-----
Dodging        | 2 |  2.3
Unarmed Combat | 4 |  4.0
Fighting       | |  1.2
Slings         | |  0.3
Stealth        | |  0.3
Spellcasting   | |  2.2
Transmutations | |  2.2
Poison Magic   | |  0.1

Action                   || total
-------------------------++-------
Melee: Unarmed           ||   102
       Kick              ||     5
       Tailslap          ||     8
       Punch             ||     1
 Fire: Hunting sling     ||    14
 Cast: Beastly Appendage ||     5
       Spider Form       ||     1
       Sticks to Snakes  ||     1
  Use: Potion            ||     4
       Scroll            ||     1
  Eat: Ration            ||     1
       Chunk             ||     1
Armor: Skin              ||    35
Dodge: Dodged            ||   100
